[Event "FIDE Online Steinitz Memorial Open"]
[White "Svidler, Peter"]
[Black "Le, Quang Liem"]
[Site "Internet"]
[Round "3"]
[Annotator "RC"]
[Result "0-1"]
[Date "2020.05.15"]
[WhiteElo "2754"]
[BlackElo "2690"]
[PlyCount "72"]
[TimeControl "180+2"]

1. Nf3 Nf6 2. g3 b6 3. Bg2 Bb7 4. 0-0 c5 5. d3 g6 6. e4 Bg7 7. Re1 0-0 8. e5 Ne8 9. Bf4 d6 10. e6 Bxb2 11. Nbd2 Bxa1 12. Qxa1 f6 13. h4 Ng7 14. Bh6 Nc6 15. Ng5 Qc8 16. Bxg7 Kxg7 17. Ndf3 Nd8 18. h5 h6 19. Ne4 g5 20. Bh3 Bd5 21. Nexg5 hxg5 22. Nxg5 Rh8 23. Bg4 Nc6 24. c4 Nb4 25. cxd5 Nc2 26. Qc1 Nxe1 27. Nf7 Nxd3 28. h6+ Kg8 29. Qc2 Ne5 30. Nxe5 Rxh6 31. Nf7 Qf8 32. Bf5 Qg7 33. Qa4 Rf8 34. Qd7 Rh5 35. Be4 f5 36. Bf3 Qa1+ 0-1

[Event "FIDE Online Steinitz Memorial Open"]
[White "Dubov, Daniil"]
[Black "Korobov, Anton"]
[Site "Internet"]
[Round "3"]
[Annotator "RC"]
[Result "1/2-1/2"]
[Date "2020.05.15"]
[WhiteElo "2720"]
[BlackElo "2667"]
[PlyCount "46"]
[TimeControl "180+2"]

1. d4 d5 2. c4 c6 3. Nf3 Nf6 4. Nc3 e6 5. g3 dxc4 6. Bg2 Nbd7 7. 0-0 Be7 8. e4 0-0 9. Bf4 Re8 10. a4 a5 11. Qc2 b6 12. Rad1 Bb7 13. h4 h6 14. Rfe1 Rc8 15. Qc1 Bf8 16. Qc2 Qe7 17. Bc1 Qb4 18. Bd2 Qb3 19. Qc1 b5 20. Bf4 Qb4 21. Bd2 Qb3 22. Bf4 Qb4 23. Bd2 Qb3 1/2-1/2

[Event "FIDE Online Steinitz Memorial Open"]
[White "Xiong, Jeffery"]
[Black "Le, Quang Liem"]
[Site "Internet"]
[Round "4"]
[Annotator "RC"]
[Result "1-0"]
[Date "2020.05.15"]
[WhiteElo "2724"]
[BlackElo "2690"]
[PlyCount "79"]
[TimeControl "180+2"]

1. c4 Nf6 2. Nc3 e5 3. Nf3 Nc6 4. g3 d5 5. cxd5 Nxd5 6. Bg2 Nb6 7. 0-0 Be7 8. a3 0-0 9. b4 Re8 10. b5 Nd4 11. Nxe5 Bf6 12. f4 Bxe5 13. fxe5 Rxe5 14. e3 Nxb5 15. Ne4 Nd6 16. Qc2 Bf5 17. Rxf5 Nxf5 18. Bb2 Qe7 19. Rf1 c6 20. Bxe5 Qxe5 21. Qb3 Rf8 22. d4 Qe6 23. Qd3 Re8 24. Kh1 Nd6 25. Nxd6 Qxd6 26. e4 Rd8 27. Qb3 Qe6 28. d5 cxd5 29. exd5 Qd6 30. a4 g6 31. a5 Nd7 32. Qxb7 a6 33. Rc1 Ne5 34. Qb6 Kg7 35. Kg1 Qa3 36. Rf1 Re8 37. d6 Nc4 38. Qd4+ Kg8 39. Qxc4 Qe3+ 40. Kh1 1-0

[Event "FIDE Online Steinitz Memorial Open"]
[White "Mamedyarov, Shakhriyar"]
[Black "Svidler, Peter"]
[Site "Internet"]
[Round "4"]
[Annotator "RC"]
[Result "1-0"]
[Date "2020.05.15"]
[WhiteElo "2716"]
[BlackElo "2754"]
[PlyCount "71"]
[TimeControl "180+2"]

1. d4 Nf6 2. c4 g6 3. Nf3 Bg7 4. e3 0-0 5. Be2 c5 6. dxc5 Na6 7. 0-0 Nxc5 8. b4 Nce4 9. Bb2 a5 10. a3 axb4 11. axb4 Rxa1 12. Bxa1 d5 13. c5 Bg4 14. Nbd2 e6 15. h3 Bxf3 16. Bxf3 Qa8 17. Bxe4 dxe4 18. Bxf6 Bxf6 19. Nxe4 Be5 20. Qc2 Rd8 21. f4 Bg7 22. Rd1 Rxd1+ 23. Qxd1 Qa3 24. Qd8+ Bf8 25. Nf6+ Kg7 26. Qd4 Kh8 27. Kh2 h6 28. Qd8 Kg7 29. Qd4 Kh8 30. h4 Qc1 31. Nd7+ Bg7 32. Ne5 Kh7 33. Qe4 Qe1 34. Nf3 Qf2 35. b5 f5 36. Qxe6 1-0

[Event "FIDE Online Steinitz Memorial Open"]
[White "Anton Guijarro, David"]
[Black "Dubov, Daniil"]
[Site "Internet"]
[Round "4"]
[Annotator "RC"]
[Result "1/2-1/2"]
[Date "2020.05.15"]
[WhiteElo "2590"]
[BlackElo "2720"]
[PlyCount "73"]
[TimeControl "180+2"]

1. Nf3 d5 2. b3 Nf6 3. Bb2 Nbd7 4. g3 g6 5. c4 c6 6. Bg2 Bg7 7. 0-0 0-0 8. d4 Ne4 9. e3 Ndf6 10. Ne5 Bf5 11. f3 Nd6 12. c5 Bxb1 13. Rxb1 Nf5 14. Qe2 Nd7 15. Nd3 b6 16. b4 a5 17. a3 axb4 18. axb4 bxc5 19. bxc5 Qc7 20. Bh3 e6 21. Ra1 Rfb8 22. Bc3 h5 23. Kg2 Rxa1 24. Rxa1 Rb3 25. Bxf5 exf5 26. Qc2 Qb7 27. Ra2 Qb5 28. Rb2 Rxb2 29. Bxb2 Bh6 30. Bc1 Nf8 31. h4 Ne6 32. Bd2 Bg7 33. Bc1 Bf6 34. Bb2 Bg7 35. Bc1 Bf6 36. Bb2 Bg7 37. Bc1 1/2-1/2

[Event "FIDE Online Steinitz Memorial Open"]
[White "Carlsen, Magnus"]
[Black "Anton Guijarro, David"]
[Site "Internet"]
[Round "5"]
[Annotator "RC"]
[Result "1-0"]
[Date "2020.05.15"]
[WhiteElo "2887"]
[BlackElo "2590"]
[PlyCount "83"]
[TimeControl "180+2"]

1. e4 e5 2. Nf3 Nc6 3. Bb5 a6 4. Ba4 Nf6 5. d3 Bc5 6. c3 d6 7. Nbd2 0-0 8. Nf1 d5 9. Qe2 b5 10. Bb3 d4 11. Ng3 a5 12. a3 Rb8 13. 0-0 dxc3 14. bxc3 b4 15. Ba4 Rb6 16. Bxc6 Rxc6 17. cxb4 axb4 18. axb4 Bxb4 19. Nxe5 Re6 20. Bb2 c5 21. Nf5 Rfe8 22. f4 Rb6 23. Ne3 Ba6 24. N3c4 Bxc4 25. Nxc4 Rb8 26. Ra7 Nd7 27. Bxg7 Kxg7 28. Qg4+ Kf8 29. Rxd7 Qf6 30. e5 Qg6 31. Qf3 Rbd8 32. f5 Qg5 33. Rxd8 Rxd8 34. e6 Bc3 35. Kh1 Qf6 36. exf7 Qxf7 37. h3 Bd4 38. Qe4 Qe7 39. Qg4 Qf7 40. f6 Bxf6 41. Ne5 Qg7 42. Qe6 1-0

[Event "FIDE Online Steinitz Memorial Open"]
[White "Bu, Xiangzhi"]
[Black "Xiong, Jeffery"]
[Site "Internet"]
[Round "5"]
[Annotator "RC"]
[Result "1/2-1/2"]
[Date "2020.05.15"]
[WhiteElo "2760"]
[BlackElo "2724"]
[PlyCount "88"]
[TimeControl "180+2"]

1. Nf3 d5 2. d4 Nf6 3. c4 e6 4. Nc3 dxc4 5. e4 b5 6. e5 Nd5 7. Nxb5 Nb6 8. Be2 Nc6 9. 0-0 Be7 10. Qd2 Qd7 11. Rd1 Bb7 12. a4 Nb4 13. Na3 Bd5 14. a5 Nc8 15. Nxc4 Rb8 16. Ne3 Be4 17. b3 0-0 18. Ba3 Rd8 19. Rac1 Nc6 20. Bxe7 N8xe7 21. Qc3 Bxf3 22. Bxf3 Nxd4 23. Kh1 Rxb3 24. Qc5 Rb5 25. Qxa7 c5 26. Qxd7 Rxd7 27. a6 Ra7 28. Bb7 Nec6 29. Nc4 Rbxb7 30. axb7 Rxb7 31. Nd6 Rb2 32. f4 Rc2 33. Rxc2 Nxc2 34. Rc1 N6b4 35. Ne4 c4 36. Nd2 c3 37. Ne4 h6 38. Nxc3 Ne3 39. g3 Nd3 40. Re1 Nf2+ 41. Kg1 Nh3+ 42. Kh1 Nf2+ 43. Kg1 Nh3+ 44. Kh1 Nf2+ 1/2-1/2

[Event "FIDE Online Steinitz Memorial Open"]
[White "Svidler, Peter"]
[Black "Korobov, Anton"]
[Site "Internet"]
[Round "5"]
[Annotator "RC"]
[Result "1-0"]
[Date "2020.05.15"]
[WhiteElo "2754"]
[BlackElo "2667"]
[PlyCount "85"]
[TimeControl "180+2"]

1. Nf3 d5 2. g3 g6 3. Bg2 Bg7 4. 0-0 Nf6 5. b3 Ne4 6. c3 c5 7. Qc2 0-0 8. d3 Nf6 9. e4 Nc6 10. e5 Nd7 11. d4 cxd4 12. cxd4 Nb6 13. Be3 Bf5 14. Qd2 Rc8 15. Nc3 Nb4 16. Nh4 Bd3 17. Rfc1 Ba6 18. Ne2 Nd3 19. Rxc8 Qxc8 20. Nc1 Nxc1 21. Rxc1 Qd7 22. Bh6 Rc8 23. Nf3 Rxc1+ 24. Qxc1 Bd3 25. Bxg7 Kxg7 26. Ng5 f6 27. exf6+ exf6 28. Nh3 g5 29. f4 h6 30. Nf2 Bf5 31. h3 Qe7 32. g4 Bg6 33. f5 Bf7 34. Bf3 Qd6 35. Kg2 a6 36. Qc5 Qxc5 37. dxc5 Nd7 38. b4 a5 39. c6 bxc6 40. bxa5 Nb8 41. Be2 c5 42. Bb5 Nc6 43. Bxc6 1-0

[Event "FIDE Online Steinitz Memorial Open"]
[White "Dubov, Daniil"]
[Black "Grischuk, Alexander"]
[Site "Internet"]
[Round "5"]
[Annotator "RC"]
[Result "1-0"]
[Date "2020.05.15"]
[WhiteElo "2720"]
[BlackElo "2765"]
[PlyCount "101"]
[TimeControl "180+2"]

1. e4 c5 2. Nf3 d6 3. d4 cxd4 4. Nxd4 Nf6 5. Nc3 a6 6. Bg5 e6 7. f4 Nbd7 8. Qf3 Qc7 9. 0-0-0 b5 10. Bxf6 Nxf6 11. e5 Bb7 12. Qh3 dxe5 13. Ncxb5 Qb6 14. fxe5 Ne4 15. Qb3 Bc5 16. Nd6+ Nxd6 17. Qxb6 Bxb6 18. exd6 0-0 19. c4 Rfd8 20. b4 Rxd6 21. c5 Rc8 22. Bc4 Bxc5 23. bxc5 Rxc5 24. Nc2 Rxd1+ 25. Rxd1 g5 26. Bxe6 Bxg2 27. Rd8+ Kg7 28. Rd7 Be4 29. Rxf7+ Kg6 30. Rf2 h5 31. Bf7+ Kh6 32. Bb3 g4 33. Kd2 Kg5 34. Nd4 Kh4 35. Rf4 Bb1 36. Rf1 Be4 37. Rf2 a5 38. Ke3 Bb1 39. Kf4 a4 40. Be6 a3 41. Rd2 Rc1 42. Rf2 Re1 43. Bf5 Bxf5 44. Nxf5+ Kh3 45. Ng3 h4 46. Ne4 Rxe4+ 47. Kxe4 g3 48. hxg3 hxg3 49. Rf3 Kh2 50. Rxa3 g2 51. Ra8 1-0

[Event "FIDE Online Steinitz Memorial Open"]
[White "Le, Quang Liem"]
[Black "Mamedyarov, Shakhriyar"]
[Site "Internet"]
[Round "5"]
[Annotator "ChessBase"]
[Result "0-1"]
[Date "2020.05.15"]
[WhiteElo "2690"]
[BlackElo "2716"]
[PlyCount "74"]
[TimeControl "180+2"]

1. c4 e5 2. Nc3 Nf6 3. Nf3 Nc6 4. e3 Bb4 5. Qc2 Bxc3 6. bxc3 d6 7. d3 0-0 8. Be2 h6 9. 0-0 a6 10. Rb1 Rb8 11. a4 a5 12. e4 b6 13. Ne1 Nh7 14. f4 exf4 15. Bxf4 f5 16. exf5 Bxf5 17. Qd2 Ne5 18. Nc2 Qh4 19. Ne3 Be6 20. Bg3 Qg5 21. d4 Ng4 22. Bxg4 Bxg4 23. h4 Qh5 24. Nd5 Rxf1+ 25. Rxf1 Be6 26. Nxc7 Bxc4 27. Re1 Rd8 28. Qb2 Qg4 29. Re3 Nf6 30. Qxb6 Qd1+ 31. Re1 Qd3 32. Nd5 Rf8 33. Ne7+ Kh7 34. Qxd6 Qxc3 35. Qe5 Qd3 36. h5 Ng4 37. Qd6 Rf1+ 0-1

[Event "FIDE Online Steinitz Memorial Open"]
[White "Grischuk, Alexander"]
[Black "Carlsen, Magnus"]
[Site "Internet"]
[Round "6"]
[Annotator "ChessBase"]
[Result "1/2-1/2"]
[Date "2020.05.15"]
[WhiteElo "2765"]
[BlackElo "2887"]
[PlyCount "124"]
[TimeControl "180+2"]

1. d4 Nf6 2. c4 e6 3. Nf3 d5 4. Nc3 Be7 5. Bf4 0-0 6. e3 b6 7. Bd3 dxc4 8. Bxc4 Ba6 9. Qe2 Bxc4 10. Qxc4 c5 11. dxc5 Bxc5 12. 0-0 Nbd7 13. Rac1 Qc8 14. Ne5 Qb7 15. Nxd7 Nxd7 16. Rfd1 Rfc8 17. Qe4 Qxe4 18. Nxe4 Be7 19. g4 Nf6 20. Nxf6+ Bxf6 21. b3 h6 22. Bc7 Kf8 23. Kg2 Ke8 24. f4 Bb2 25. Rc4 b5 26. Rc6 a6 27. Rd2 Ba3 28. Rdc2 Kd7 29. R6c3 Bb4 30. Rd3+ Ke8 31. Rd1 Ba3 32. Rdd2 Bb4 33. Re2 f6 34. Kf3 Kd7 35. Bb6 Rxc2 36. Rxc2 Rc8 37. Rxc8 Kxc8 38. f5 Kd7 39. Ke4 Bd6 40. h4 Kc6 41. Bd4 e5 42. Bc3 b4 43. Be1 a5 44. Bg3 Bc5 45. g5 h5 46. g6 Bd6 47. Bf2 Bc5 48. Be1 Bd6 49. Kd3 Bc5 50. Bd2 Kb5 51. Ke4 Kc6 52. Bc1 Bf8 53. Kd3 Kb5 54. Bb2 Bd6 55. Ke4 Kc6 56. Kd3 Kd5 57. e4+ Kc5 58. Bc1 Kb5 59. Bh6 Bf8 60. Bd2 Bc5 61. Bh6 Bf8 62. Bd2 Bc5 1/2-1/2

[Event "FIDE Online Steinitz Memorial Open"]
[White "Bu, Xiangzhi"]
[Black "Dubov, Daniil"]
[Site "Internet"]
[Round "6"]
[Annotator "ChessBase"]
[Result "1-0"]
[Date "2020.05.15"]
[WhiteElo "2760"]
[BlackElo "2720"]
[PlyCount "157"]
[TimeControl "180+2"]

1. Nf3 d5 2. d4 Nf6 3. c4 e6 4. Nc3 c6 5. e3 Nbd7 6. Qc2 a5 7. Be2 dxc4 8. Bxc4 b5 9. Be2 Bb7 10. 0-0 Rc8 11. Rd1 b4 12. Na4 c5 13. dxc5 Be4 14. Qc4 Bd5 15. Qf4 Be7 16. b3 Ne4 17. h4 Bf6 18. Rb1 Nc3 19. Nxc3 bxc3 20. Bd3 Nxc5 21. Bc2 0-0 22. Ba3 Qc7 23. Qxc7 Rxc7 24. Rbc1 Rb8 25. h5 h6 26. Nd4 Be7 27. Bxc5 Bxc5 28. Ne2 Ba3 29. Rb1 Bb2 30. e4 Bb7 31. f3 Bc6 32. Kf2 Ra7 33. Nf4 a4 34. Nd3 axb3 35. axb3 Ra2 36. Nxb2 cxb2 37. Rd2 Rb7 38. Bd1 Rd7 39. Rxd7 Bxd7 40. Ke2 Ra1 41. Rxb2 Bb5+ 42. Kd2 g5 43. Be2 Bc6 44. b4 Kf8 45. b5 Bb7 46. Rc2 Ke8 47. Rc7 Ra2+ 48. Ke3 Ba8 49. Bc4 Ra3+ 50. Kd4 Ra4 51. Kc5 Ra1 52. b6 Kf8 53. b7 Bxb7 54. Rxb7 Rg1 55. g4 Rg3 56. Rb3 Kg7 57. Kd4 Kf6 58. Ke3 Rg1 59. Be2 Ra1 60. Rb5 Ra3+ 61. Bd3 Ra4 62. e5+ Kg7 63. Rb7 Ra5 64. f4 gxf4+ 65. Kxf4 Ra4+ 66. Be4 Kf8 67. Rb8+ Kg7 68. Rd8 Rb4 69. Ke3 Rb5 70. Kf4 Rb4 71. Rd3 Ra4 72. Rc3 Rb4 73. Rc7 Ra4 74. Ke3 Ra3+ 75. Kf2 Kf8 76. g5 hxg5 77. h6 Rh3 78. Rc8+ Ke7 79. h7 1-0

[Event "FIDE Online Steinitz Memorial Open"]
[White "Xiong, Jeffery"]
[Black "Mamedyarov, Shakhriyar"]
[Site "Internet"]
[Round "6"]
[Annotator "ChessBase"]
[Result "0-1"]
[Date "2020.05.15"]
[WhiteElo "2724"]
[BlackElo "2716"]
[PlyCount "50"]
[TimeControl "180+2"]

1. e4 e5 2. Nf3 Nc6 3. d4 exd4 4. Nxd4 Qf6 5. Be3 Bc5 6. c3 Nge7 7. Bb5 0-0 8. Nxc6 dxc6 9. Bxc5 cxb5 10. 0-0 b6 11. Be3 Bb7 12. Nd2 c5 13. a4 bxa4 14. Qxa4 Rfd8 15. Rfd1 h6 16. Nf1 Qc6 17. Qxc6 Nxc6 18. Ng3 Na5 19. b4 cxb4 20. cxb4 Nc4 21. Bd4 a5 22. Rac1 b5 23. bxa5 Rxa5 24. Nf5 Bxe4 25. Nxg7 Bc2 0-1

[Event "FIDE Online Steinitz Memorial Open"]
[White "Korobov, Anton"]
[Black "Le, Quang Liem"]
[Site "Internet"]
[Round "6"]
[Annotator "ChessBase"]
[Result "0-1"]
[Date "2020.05.15"]
[WhiteElo "2667"]
[BlackElo "2690"]
[PlyCount "66"]
[TimeControl "180+2"]

1. d4 Nf6 2. c4 e6 3. Nf3 b6 4. g3 Bb7 5. Bg2 Be7 6. Nc3 0-0 7. Qc2 c5 8. d5 exd5 9. Ng5 h6 10. h4 Na6 11. cxd5 Nb4 12. Qd1 d6 13. a3 Na6 14. Qc2 Nc7 15. Bf4 b5 16. Rd1 b4 17. Nce4 Nce8 18. Nxf6+ Nxf6 19. Ne4 Rc8 20. Nxf6+ Bxf6 21. g4 Bxh4 22. Bxd6 Bxf2+ 23. Kxf2 Qxd6 24. Bf3 Qf6 25. Rh5 Rfd8 26. Rg1 Rxd5 27. g5 Rxg5 28. Rgxg5 hxg5 29. Qh7+ Kf8 30. Rh1 Rd8 31. Qh8+ Ke7 32. Qh2 Qd4+ 33. Kf1 Bxf3 0-1

[Event "FIDE Online Steinitz Memorial Open"]
[White "Anton Guijarro, David"]
[Black "Svidler, Peter"]
[Site "Internet"]
[Round "6"]
[Annotator "ChessBase"]
[Result "0-1"]
[Date "2020.05.15"]
[WhiteElo "2590"]
[BlackElo "2754"]
[PlyCount "120"]
[TimeControl "180+2"]

1. Nf3 g6 2. e4 Nf6 3. Nc3 d6 4. d4 Bg7 5. Be2 0-0 6. 0-0 Nbd7 7. e5 Ne8 8. Bf4 c6 9. Re1 dxe5 10. dxe5 Nc7 11. Bg3 Ne6 12. a4 Qa5 13. Bc4 Nb6 14. Ba2 Rd8 15. Qe2 Nd5 16. Nxd5 cxd5 17. Red1 b6 18. c3 Qc5 19. Nd4 Nxd4 20. Rxd4 Be6 21. Rad1 h5 22. Qb5 a6 23. Qe2 b5 24. a5 Qc7 25. Bxd5 Rxd5 26. Rxd5 Bxd5 27. Rxd5 e6 28. Rd1 Qxa5 29. Bh4 Qa4 30. g3 Bxe5 31. Rd7 Bg7 32. Rxf7 Kxf7 33. Qf3+ Kg8 34. Qxa8+ Kh7 35. Kg2 Qa2 36. Qb7 Qd5+ 37. Qxd5 exd5 38. Kf3 d4 39. cxd4 Bxd4 40. b3 a5 41. Be7 Bb2 42. Ke2 a4 43. bxa4 bxa4 44. Kd3 Kg8 45. Kc4 Kf7 46. Bc5 Ke6 47. Kb4 Kd5 48. Be7 a3 49. Kb3 Ke4 50. f4 Kf3 51. Bd6 Kg2 52. h4 Kf3 53. Be5 Bc1 54. Bc7 Be3 55. Kxa3 Bf2 56. Kb3 Bxg3 57. Kc4 Bxh4 58. Kd5 Bg3 59. Ke6 h4 60. Kf6 h3 0-1